 Dungeon Crawl Stone Soup version 0.31.0-11-ge490571c62 (webtiles) character file.

Game seed: 18032770115683817244

2 mopl the Caller (level 1, -2/10 HPs)
             Began as a Tengu Summoner on Feb 10, 2024.
             Slain by a jackal (3 damage)
             ... on level 1 of the Dungeon.
             The game lasted 00:00:14 (39 turns).

mopl the Caller (Tengu Summoner)                      Turns: 39, Time: 00:00:15

Health: -2/10      AC:  2    Str:  8    XL:     1   Next: 40%
Magic:  4/4        EV: 12    Int: 15    God:
Gold:   0          SH:  0    Dex: 14    Spells: 3/4 levels left

rFire   . . .        (no weapon)
rCold   . . .        (no shield)
rNeg    . . .        a - +0 robe
rPois   .            (helmet restricted)
rElec   .            (no cloak)
rCorr   .            (no gloves)
SInv    .            (boots unavailable)
Will    .....        (no amulet)
Stlth   ++           (no ring)
HPRegen 0.21/turn    (no ring)
MPRegen 0.09/turn

%: acrobat
@: no status effects
A: beak, talons 3, acrobatic
a: no special abilities


You were on level 1 of the Dungeon.
You visited 1 branch of the dungeon, and saw 1 of its levels.

Inventory:

Armour
 a - a +0 robe (worn)
Potions
 b - a potion of magic


   Skills:
 - Level 2.1 Dodging
 - Level 2.0 Stealth
 + Level 2.1 Spellcasting
 + Level 4.9 Summonings


You had 3 spell levels left.
You knew the following spells:

 Your Spells              Type           Power      Damage    Failure   Level
a - Summon Small Mammal   Summ           64%        N/A       3%          1

Your spell library contained the following spells:

 Spells                   Type           Power      Damage    Failure   Level
 Call Imp                 Summ           32%        N/A       4%          2
 Call Canine Familiar     Summ           16%        N/A       9%          3
 Summon Blazeheart Golem  Fire/Summ      8%         N/A       63%         4
 Summon Lightning Spire   Summ/Air       8%         N/A       63%         4


Dungeon Overview and Level Annotations

Branches:
Dungeon (1/15)

Altars:


Innate Abilities, Weirdness & Mutations

You have a beak for a mouth.
You have claws for feet.
You can magically evade attacks while moving or waiting.


Message History

The jackal barely misses you. The bat barely misses you.
The jackal completely misses you.
You closely miss the jackal. The jackal bites you. The bat closely misses you.
You closely miss the jackal. The bat closely misses you.
The jackal bites you but does no damage.
The jackal barely misses you.
You hit the jackal.
The jackal is moderately wounded.
The jackal bites you. The bat closely misses you.
You hit the jackal.
The jackal is severely wounded.
The bat hits you but does no damage. The bat closely misses you.
The jackal completely misses you.
You hit the jackal.
You kill the jackal!
The bat barely misses you. The jackal closely misses you.
The bat barely misses you.
You hit the jackal but do no damage. Your peck misses the jackal.
The bat hits you. The jackal barely misses you.
You hit the jackal but do no damage. The jackal misses you. The bat hits you.
The jackal bites you.
* * * LOW HITPOINT WARNING * * *
You barely miss the jackal. Your kick misses the jackal. You peck the jackal.
The jackal is heavily wounded.
The bat hits you but does no damage. The jackal barely misses you.
The bat barely misses you.
You barely miss the jackal. Your kick misses the jackal.
The jackal is heavily wounded.
The bat barely misses you.
The jackal bites you but does no damage.
The bat closely misses you.
You closely miss the jackal.
The jackal is heavily wounded.
The jackal barely misses you. The jackal bites you.
* * * LOW HITPOINT WARNING * * *
The bat hits you but does no damage.
You hit the jackal. Your kick misses the jackal.
The jackal is heavily wounded.
The bat closely misses you. The jackal bites you.
You die...

#...⌠.(.⌠...###
#....8....##
##.⌠..%⌠.##
##.....##
#######'#####.#
..............#
#####...######.
#####.######
#b@h........#
#.###.######.
#. #... #.
#..#.. .. #...
## #. #.#.# ..
..#.# #. ##.#


You could see a jackal and a bat.

Vanquished Creatures
  A bat (D:1)
  A jackal (D:1)
2 creatures vanquished.

Notes
Turn   | Place    | Note
-------+----------+-------------------------------------------
     0 | D:1      | mopl the Tengu Summoner began the quest for the Orb.
     0 | D:1      | Reached XP level 1. HP: 10/10 MP: 4/4
    39 | D:1      | Slain by a jackal

Illustrated notes

Levels and vault maps discovered:
D:1:      ncdulo_halloftheorcs, layout_loops_ring, chequers_jeans,
          kennysheep_nondescript

Action                     || total
---------------------------++-------
  Melee: Unarmed           ||    17
         Peck              ||     2
 Armour: Robe              ||    19
  Dodge: Dodged            ||    26
